 Dungeon Crawl Stone Soup version 0.30-a0-972-gf3ab3527aa (webtiles) character file.

Game seed: 1987030456725549789

8 vishdafish the Conjurer (level 2, -2/19 HPs)
             Began as a Demonspawn Conjurer on Mar 31, 2023.
             Slain by a jackal (3 damage)
             ... on level 3 of the Dungeon.
             The game lasted 00:00:58 (238 turns).

vishdafish the Conjurer (Demonspawn Conjurer)        Turns: 238, Time: 00:00:59

Health: -2/19      AC:  2    Str:  7    XL:     2   Next: 0%
Magic:  1/5        EV: 12    Int: 19    God:
Gold:   52         SH:  0    Dex: 11    Spells: 4/5 levels left

rFire   . . .      SeeInvis .    (no weapon)
rCold   . . .      Faith    .    (no shield)
rNeg    . . .      Spirit   .    a - +0 robe
rPois   .          Reflect  .    (helmet restricted)
rElec   .          Rampage  .    (no cloak)
rCorr   .                        (no gloves)
Will    .....                    (no boots)
Stlth   ++                       (no amulet)
HPRegen 0.23/turn                (no ring)
MPRegen 0.09/turn                (no ring)

@: no status effects
A: antennae 1
a: no special abilities


You were on level 3 of the Dungeon.
You visited 1 branch of the dungeon, and saw 3 of its levels.

You collected 52 gold pieces.

Inventory:

Armour
 a - a +0 robe (worn)


   Skills:
 - Level 1.7 Dodging
 - Level 1.7 Stealth
 + Level 2.3 Spellcasting
 + Level 4.2 Conjurations


You had 4 spell levels left.
You knew the following spells:

 Your Spells              Type           Power      Damage    Failure   Level
a - Magic Dart            Conj           72%        1d6       3%          1

Your spell library contained the following spells:

 Spells                   Type           Power      Damage    Failure   Level
 Searing Ray              Conj           36%        2d5       4%          2
 Dazzling Flash           Conj/Hex       20%        N/A       21%         3
 Frozen Ramparts          Ice            4%         1d1       43%         3
 Fulminant Prism          Conj/Hex       5%         3d6       56%         4
 Iskenderun's Mystic Bla  Conj/Tloc      10%        2d4       56%         4
 Ice Form                 Ice/Tmut       2%         N/A       85%         4
 Summon Ice Beast         Ice/Summ       2%         N/A       85%         4


Dungeon Overview and Level Annotations

Branches:
Dungeon (2/15)

Altars:


Innate Abilities, Weirdness & Mutations

You have a pair of small antennae on your head.


Message History

You barely miss the jackal. The jackal misses you. The jackal bites you.
The jackal barely misses you.
The jackal bites you but does no damage.
You hit the jackal.
The jackal is moderately wounded.
The jackal bites you. The jackal barely misses you.
You closely miss the jackal.
The jackal is moderately wounded.
The jackal bites you. The jackal closely misses you.
The jackal pauses to sniff the ground.
The jackal bites you.
You miss the jackal.
The jackal is moderately wounded.
The jackal barely misses you. x3
You hit the jackal but do no damage.
The jackal is lightly wounded.
The jackal misses you. The jackal closely misses you.
You barely miss the jackal. The jackal closely misses you.
The jackal barely misses you. The jackal misses you. The jackal bites you.
You closely miss the jackal.
The jackal bites you but does no damage.
The jackal closely misses you.
You hit the jackal but do no damage. The jackal barely misses you.
The jackal bites you.
* * * LOW HITPOINT WARNING * * *
The jackal barely misses you.
You hit the jackal but do no damage. The jackal barely misses you.
The jackal bites you but does no damage.
The jackal bites you.
* * * LOW HITPOINT WARNING * * *
You hit the jackal.
The jackal is moderately wounded.
The jackal closely misses you. The jackal bites you.
* * * LOW HITPOINT WARNING * * *
You hit the jackal.
The jackal is heavily wounded.
The jackal misses you.
The jackal bites you but does no damage.
The jackal bites you.
You die... +..+ ######''##### ........)... .........g. ......o. .og.$ ##'g## ####### #.gOg#######h.#..# +..o.Ooohogh@.+

#...g#######..#..#
#''''# #######
.........
~~~~≈.o..≈~~~
≈≈≈~≈....~≈≈≈≈≈
~~~~~....h~~~~~
..$............
....$..#...####


You could see an ogre, a gnoll, 3 orcs and 3 jackals.

Vanquished Creatures
  A dart slug (D:2)
  A hobgoblin (D:2)
  A jackal (D:3)
  A quokka (D:1)
  A ball python (D:1)
  A rat (D:2)
6 creatures vanquished.

Notes
Turn   | Place    | Note
-------+----------+-------------------------------------------
     0 | D:1      | vishdafish the Demonspawn Conjurer began the quest for the
                  | Orb.
     0 | D:1      | Reached XP level 1. HP: 13/13 MP: 3/3
   203 | D:2      | You fall into a shaft and drop 1 floor!
   209 | D:3      | Noticed an ogre
   224 | D:3      | Gained mutation: You have a pair of small antennae on your
                  | head. [demonic ancestry]
   224 | D:3      | Reached XP level 2. HP: 11/19 MP: 1/5
   238 | D:3      | Slain by a jackal

Illustrated notes

Levels and vault maps discovered:
D:1:      minmay_arrival_shoal_huts, layout_rooms, serial_curves,
          eino_curves_01, eino_curves_03
D:2:      layout_basic, uniq_robin
D:3:      lemuel_castle_with_subvaults [lemuel_castle_interior_original],
          layout_rooms, bloody_makhleb

Action                     || total
---------------------------++-------
  Melee: Unarmed           ||    14
   Cast: Magic Dart        ||    14
    Use: Scroll            ||     2
         Potion            ||     1
 Armour: Robe              ||     7
  Dodge: Dodged            ||    38

Table legend: (Time is in decaauts)
 A = Elapsed time spent in this place.
 B = Non-inter-level travel time spent in this place.
 C = Inter-level travel time spent in this place.
 D = Time resting spent in this place.
 E = Time spent auto-exploring this place.
 F = Levels seen in this place.
 G = Mean time per level.
                   A        B        C        D        E       F      G
               +--------+--------+--------+--------+--------+-----+--------+
         Total |    237 |    237 |      0 |      0 |    154 |   3 |   79.0 |
       Dungeon |    237 |    237 |      0 |      0 |    154 |   3 |   79.0 |
               +--------+--------+--------+--------+--------+-----+--------+

Top non-repeatable levels by time:
     D:2: 146 daAuts
     D:1: 56 daAuts
     D:3: 34 daAuts
